 Dungeon Crawl Stone Soup version 0.15-a0-1309-g3520d71 (webtiles) character file.

30 Quh the Slasher (level 3, 0/29 HPs)
             Began as a Demonspawn Abyssal Knight on June 7, 2014.
             Was a Follower of Lugonu.
             Slain by an adder (4 damage)
             ... on Level 2 of the Dungeon.
             The game lasted 00:03:22 (1112 turns).

Quh the Slasher (Demonspawn Abyssal Knight)         Turns: 1112, Time: 00:03:22

HP   0/29        AC  4     Str 13      XL: 3   Next:  3%
MP   4/4         EV 10     Int 13      God: Lugonu [*.....]
Gold 68          SH  0     Dex 12      Spells:  0 memorised,  2 levels left

rFire  . . .     SeeInvis .     a - +1 falchion
rCold  . . .     Clarity  .     b - +0 leather armour
rNeg   . . .     rCorr    .     (no shield)
rPois  .         rRot     .     h - +0 helmet
rElec  .         Spirit   .     (no cloak)
SustAb .         Warding  .     (no gloves)
rMut   .         Stasis   .     (no boots)
Gourm  .                        (no amulet)
MR     .....                    (no ring)
                                (no ring)

@: lethally poisoned, not resistant to hostile enchantments, very unstealthy
A: talons 1
a: Depart the Abyss, Renounce Religion


You were on level 2 of the Dungeon.
You worshipped Lugonu.
Lugonu was aware of your devotion.
You were not hungry.

You visited 1 branch of the dungeon, and saw 2 of its levels.
You visited the Abyss 1 time.

You collected 68 gold pieces.

Inventory:

Hand weapons
 a - a +1,+1 falchion (weapon)
 p - a +2,+1 short sword of speed
Missiles
 k - 17 stones (quivered)
Armour
 b - a +0 leather armour (worn)
 h - a +0 helmet (worn)
Comestibles
 c - 2 bread rations
 f - 9 fruits
 g - a meat ration
Scrolls
 e - 2 scrolls of enchant weapon II {unknown}
 i - 3 scrolls of identify {unknown}
 j - a scroll of enchant weapon I {unknown}
 l - a scroll of noise {unknown}
 m - 2 scrolls of immolation {unknown}
 n - a scroll of fear {unknown}
 o - 2 scrolls of remove curse {unknown}
Potions
 d - 2 potions of agility {unknown}


   Skills:
 - Level 3.0 Fighting
 * Level 3.2 Long Blades
 - Level 1.7 Armour
 - Level 0.8 Dodging
 - Level 2.4 Invocations


You had 2 spell levels left.
You didn't know any spells.

Dungeon Overview and Level Annotations

Branches:
Dungeon (2/15)

Altars:
Xom


Innate Abilities, Weirdness & Mutations

You have sharp toenails.


Message History

You completely miss the adder.
The adder is almost dead.
You feel sick. The adder bites you.
* * * LOW HITPOINT WARNING * * *
You are lethally poisoned!
The adder poisons you! The adder barely misses you.
You completely miss the adder. You claw the adder.
The adder is almost dead.
The adder bites you.
* * * LOW HITPOINT WARNING * * *
You barely miss the adder. Your kick misses the adder.
The adder is almost dead.
* * * LOW HITPOINT WARNING * * *
You feel sick. The adder completely misses you. The adder bites you.
* * * LOW HITPOINT WARNING * * *
You hit the adder but do no damage.
The adder is almost dead.
* * * LOW HITPOINT WARNING * * *
You feel sick. The adder bites you.
You die...

#.##.#....####.....##
...#.##.####......##
.....##.###..###.##
.................#
.....##..........#
#...##...........#
..###..####.####.#
####... #.# #.# #
#..#. #.# #@# # #.##.
..# #S# #.. .. ...
(.# . .. .... (.## ..
....## . .. .[


You could see an adder.

Vanquished Creatures
  An adder (D:2)
  2 giant geckos (D:1)
  An ooze (D:1)
  2 bats (D:1)
  A hobgoblin (D:1)
  4 jackals (D:2)
  4 kobolds
  A giant newt (D:1)
  2 goblins (D:1)
  A rat (D:2)
19 creatures vanquished.

Notes
Turn   | Place    | Note
--------------------------------------------------------------
     0 | Abyss:1  | Quh, the Demonspawn Abyssal Knight, began the quest for the Orb.
     0 | Abyss:1  | Reached XP level 1. HP: 18/18 MP: 1/1
    95 | Abyss:1  | Noticed a large abomination
    97 | Abyss:1  | Noticed an iron devil
    99 | Abyss:1  | Noticed an apocalypse crab
   122 | D:1      | Escaped the Abyss
   568 | D:1      | Gained mutation: You have sharp toenails. [demonic ancestry]
   568 | D:1      | Reached XP level 2. HP: 24/24 MP: 2/2
   583 | D:1      | Acquired Lugonu's first power
   799 | D:1      | Found a shimmering altar of Xom.
   826 | D:1      | Found a shimmering altar of Xom.
   827 | D:1      | Found a shimmering altar of Xom.
   847 | D:1      | You fall through a shaft!
  1081 | D:2      | Reached XP level 3. HP: 26/29 MP: 4/4
  1112 | D:2      | Slain by an adder

Action                   || total
-------------------------++-------
Melee: Falchion          ||    71
Throw: Stone             ||    13
Invok: Depart the Abyss  ||     1
